| TOP OF THE 1ST |
|
Hartford Yard Goats batting - Pitching for Dayton Dragons : LHP Josue Silva
|
|
Pitching: LHP Josue Silva
|
|
|
Batting: LHB Mick Tucker
|
0-0: Ground out 6-3 (Groundball, 6, EV 85.0 MPH)
|
|
Batting: SHB Clayton Saunders
|
0-0: Called Strike 0-1: SINGLE (Groundball, 34D, EV 103.8 MPH)
|
|
Batting: RHB Zakhar Edelman
|
0-0: Called Strike Clayton Saunders is caught stealing 2nd base 2-4 0-1: Ground out 4-3 (Groundball, 34, EV 107.5 MPH)
|
| Top of the 1st over - 0 runs, 1 hit, 0 errors, 0 left on base; Hartford 0 - Dayton 0 |
| BOTTOM OF THE 1ST |
|
Dayton Dragons batting - Pitching for Hartford Yard Goats : LHP Juan Rivera
|
|
Pitching: LHP Juan Rivera
|
|
|
Batting: LHB Leo Gomez
|
0-0: Ball 1-0: Called Strike 1-1: Ball 2-1: Ball 3-1: Base on Balls
|
|
Batting: RHB Mark Williams
|
0-0: Ball Leo Gomez steals 2nd base 1-0: Ball 2-0: Ball 3-0: Called Strike 3-1: Base on Balls
|
|
Batting: RHB Chris Zamora
|
0-0: Ball 1-0: Foul Ball, location: 2F 1-1: Ball 2-1: Called Strike 2-2: Ball 3-2: Strikes out swinging
|
|
Batting: RHB Jake Savell
|
0-0: Called Strike 0-1: Ball 1-1: Grounds into double play, 3-6-3 (Groundball, 3, EV 110.6 MPH)
|
| Bottom of the 1st over - 0 runs, 0 hits, 0 errors, 1 left on base; Hartford 0 - Dayton 0 |
| TOP OF THE 2ND |
|
Hartford Yard Goats batting - Pitching for Dayton Dragons : LHP Josue Silva
|
|
Batting: RHB John Corfield
|
0-0: Ball 1-0: Foul Ball, location: 2F 1-1: Ball 2-1: Foul Ball, location: 2F 2-2: Strikes out swinging
|
|
Batting: SHB Craig Ruzic
|
0-0: Foul Ball, location: 2F 0-1: Ball 1-1: Called Strike 1-2: Strikes out swinging
|
|
Batting: RHB Andy Rayer
|
0-0: Ball 1-0: Ball 2-0: Ball 3-0: Base on Balls
|
|
Batting: SHB Justin Jackson
|
0-0: Called Strike 0-1: Swinging Strike 0-2: Foul Ball, location: 2F 0-2: Strikes out swinging
|
| Top of the 2nd over - 0 runs, 0 hits, 0 errors, 1 left on base; Hartford 0 - Dayton 0 |
| BOTTOM OF THE 2ND |
|
Dayton Dragons batting - Pitching for Hartford Yard Goats : LHP Juan Rivera
|
|
Batting: LHB Matt Kennedy
|
0-0: Ball 1-0: Foul Ball, location: 2F 1-1: Called Strike 1-2: Strikes out swinging
|
|
Batting: RHB Andy Bachman
|
0-0: Ball 1-0: Ball 2-0: Ball 3-0: Called Strike 3-1: Called Strike 3-2: Foul Ball, location: 2F 3-2: Fly out, F8 (Flyball, 89D, EV 93.1 MPH)
|
|
Batting: LHB Chris Redhead
|
0-0: Foul Ball, location: 2F 0-1: Ball 1-1: Foul Ball, location: 2F 1-2: Ball 2-2: Foul Ball, location: 2F 2-2: Ball 3-2: Foul Ball, location: 2F 3-2: Hit by Pitch
|
|
Batting: RHB Ernie Maldonado
|
0-0: Called Strike 0-1: Foul Ball, location: 2F 0-2: Foul Ball, location: 2F 0-2: Foul Ball, location: 2F 0-2: 2-RUN HOME RUN (Flyball, 7D, EV 98.8 MPH), Distance : 367 ft
|
|
Batting: RHB Yutaka Sato
|
0-0: Foul Ball, location: 2F 0-1: Ball 1-1: Foul Ball, location: 2F 1-2: Ball 2-2: Foul Ball, location: 2F 2-2: SINGLE (Groundball, 6MD, EV 108.1 MPH)
|
|
Batting: LHB Leo Gomez
|
0-0: Ball 1-0: Ball Yutaka Sato is caught stealing 2nd base 2-6
|
| Bottom of the 2nd over - 2 runs, 2 hits, 0 errors, 0 left on base; Hartford 0 - Dayton 2 |
| TOP OF THE 3RD |
|
Hartford Yard Goats batting - Pitching for Dayton Dragons : LHP Josue Silva
|
|
Batting: RHB Manny Thompson
|
0-0: Foul Ball, location: 2F 0-1: Ball 1-1: Ball 2-1: Ball 3-1: Base on Balls
|
|
Batting: RHB Ighlas Mwara
|
0-0: Grounds into double play, 4-6-3 (Groundball, 4, EV 90.6 MPH)
|
|
Batting: LHB Mick Tucker
|
0-0: Called Strike 0-1: Ball 1-1: Called Strike 1-2: Ball 2-2: Strikes out swinging
|
| Top of the 3rd over - 0 runs, 0 hits, 0 errors, 0 left on base; Hartford 0 - Dayton 2 |
| BOTTOM OF THE 3RD |
|
Dayton Dragons batting - Pitching for Hartford Yard Goats : LHP Juan Rivera
|
|
Batting: LHB Leo Gomez
|
0-0: Called Strike 0-1: Called Strike 0-2: Ball 1-2: Fly out, F8 (Flyball, 8RM, EV 95.6 MPH)
|
|
Batting: RHB Mark Williams
|
0-0: Called Strike 0-1: Foul Ball, location: 2F 0-2: Ball 1-2: Ball 2-2: Foul Ball, location: 2F 2-2: Strikes out swinging
|
|
Batting: RHB Chris Zamora
|
0-0: Ball 1-0: Called Strike 1-1: Foul Ball, location: 2F 1-2: Strikes out swinging
|
| Bottom of the 3rd over - 0 runs, 0 hits, 0 errors, 0 left on base; Hartford 0 - Dayton 2 |
| TOP OF THE 4TH |
|
Hartford Yard Goats batting - Pitching for Dayton Dragons : LHP Josue Silva
|
|
Batting: SHB Clayton Saunders
|
0-0: Called Strike 0-1: Ball 1-1: Ball 2-1: DOUBLE (Flyball, 8RXD, EV 97.5 MPH)
|
|
Batting: RHB Zakhar Edelman
|
0-0: Swinging Strike 0-1: Ball 1-1: Ball 2-1: Ball 3-1: Foul Ball, location: 2F 3-2: Foul Ball, location: 2F 3-2: Foul Ball, location: 2F 3-2: Ground out U3 (Groundball, 34, EV 80.0 MPH) Clayton Saunders to third
|
|
Batting: RHB John Corfield
|
0-0: Ball 1-0: Ball Wild Pitch! Clayton Saunders scores 2-0: Ball 3-0: Base on Balls
|
|
Batting: SHB Craig Ruzic
|
0-0: Ball 1-0: Foul Ball, location: 2F 1-1: Ball 2-1: Ball 3-1: Foul Ball, location: 2F 3-2: Foul Ball, location: 2F 3-2: Grounds into double play, 4-6-3 (Groundball, 34S, EV 78.1 MPH)
|
| Top of the 4th over - 1 run, 1 hit, 0 errors, 0 left on base; Hartford 1 - Dayton 2 |
| BOTTOM OF THE 4TH |
|
Dayton Dragons batting - Pitching for Hartford Yard Goats : LHP Juan Rivera
|
|
Batting: RHB Jake Savell
|
0-0: Ball 1-0: Foul Ball, location: 2F 1-1: SINGLE (Flyball, 5D, EV 90.0 MPH)
|
|
Batting: LHB Matt Kennedy
|
0-0: Ball 1-0: Called Strike 1-1: Called Strike 1-2: Strikes out looking Jake Savell steals 2nd base Batter strikes out.
|
|
Batting: RHB Andy Bachman
|
0-0: Called Strike 0-1: Ball 1-1: Fly out, F7 (Flyball, 78M, EV 81.9 MPH)
|
|
Batting: LHB Chris Redhead
|
0-0: Called Strike Jake Savell steals 3rd base (no throw) 0-1: Ground out 4-3 (Groundball, 4, EV 104.4 MPH)
|
| Bottom of the 4th over - 0 runs, 1 hit, 0 errors, 1 left on base; Hartford 1 - Dayton 2 |
| TOP OF THE 5TH |
|
Hartford Yard Goats batting - Pitching for Dayton Dragons : LHP Josue Silva
|
|
Batting: RHB Andy Rayer
|
0-0: Called Strike 0-1: Ball 1-1: Foul Ball, location: 2F 1-2: Ground out 5-3 (Groundball, 56S, EV 83.1 MPH)
|
|
Batting: SHB Justin Jackson
|
0-0: Ball 1-0: Called Strike 1-1: Ball 2-1: Ground out 5-3 (Groundball, 5, EV 85.0 MPH)
|
|
Batting: RHB Manny Thompson
|
0-0: Hit by Pitch
|
|
Batting: RHB Ighlas Mwara
|
0-0: Foul Ball, location: 2F 0-1: Ball 1-1: Ground out 1-3 (Groundball, 13, EV 73.1 MPH)
|
| Top of the 5th over - 0 runs, 0 hits, 0 errors, 1 left on base; Hartford 1 - Dayton 2 |
| BOTTOM OF THE 5TH |
|
Dayton Dragons batting - Pitching for Hartford Yard Goats : LHP Juan Rivera
|
|
Pitching: RHP Curt De Kock
|
|
|
Batting: RHB Ernie Maldonado
|
0-0: Fly out, F9 (Line Drive, 9, EV 92.5 MPH)
|
|
Batting: RHB Yutaka Sato
|
0-0: Called Strike 0-1: Ball 1-1: Ball 2-1: Foul Ball, location: 2F 2-2: Ball 3-2: Base on Balls
|
|
Batting: LHB Leo Gomez
|
0-0: Called Strike 0-1: Ball 1-1: Ball 2-1: Ball 3-1: Called Strike 3-2: Foul Ball, location: 2F 3-2: Foul Ball, location: 2F 3-2: TRIPLE (Flyball, 8LXD, EV 110.0 MPH) Yutaka Sato scores
|
|
Batting: RHB Mark Williams
|
0-0: Called Strike 0-1: 2-RUN HOME RUN (Flyball, 78XD, EV 108.1 MPH), Distance : 397 ft
|
|
Pitching: RHP Zi-cheng Zhou
|
|
|
Batting: RHB Chris Zamora
|
0-0: Ground out 5-3 (Groundball, 56S, EV 65.0 MPH)
|
|
Batting: RHB Jake Savell
|
0-0: Ground out 5-3 (Groundball, 56S, EV 90.6 MPH)
|
| Bottom of the 5th over - 3 runs, 2 hits, 0 errors, 0 left on base; Hartford 1 - Dayton 5 |
| TOP OF THE 6TH |
|
Hartford Yard Goats batting - Pitching for Dayton Dragons : LHP Josue Silva
|
|
Batting: LHB Mick Tucker
|
0-0: Called Strike 0-1: Called Strike 0-2: Ball 1-2: Ball 2-2: Strikes out swinging
|
|
Pitching: RHP Jalen Patterson
|
|
|
Batting: SHB Clayton Saunders
|
0-0: Called Strike 0-1: Foul Ball, location: 2F 0-2: Strikes out swinging
|
|
Batting: RHB Zakhar Edelman
|
0-0: Foul Ball, location: 2F 0-1: Reached on error, E6 (Groundball, 6, EV 107.5 MPH)
|
|
Batting: RHB John Corfield
|
0-0: Called Strike Zakhar Edelman is caught stealing 2nd base 2-4
|
| Top of the 6th over - 0 runs, 0 hits, 1 error, 0 left on base; Hartford 1 - Dayton 5 |
| BOTTOM OF THE 6TH |
|
Dayton Dragons batting - Pitching for Hartford Yard Goats : RHP Zi-cheng Zhou
|
|
Batting: LHB Matt Kennedy
|
0-0: Ball 1-0: Fly out, F9 (Flyball, 9D, EV 107.5 MPH)
|
|
Batting: RHB Andy Bachman
|
0-0: Called Strike 0-1: Ball 1-1: Foul Ball, location: 2F 1-2: Foul Ball, location: 2F 1-2: Ball 2-2: Foul Ball, location: 2F 2-2: Foul Ball, location: 2F 2-2: Foul Ball, location: 2F 2-2: SINGLE (Flyball, 78S, EV 95.6 MPH)
|
|
Batting: LHB Chris Redhead
|
0-0: Called Strike 0-1: Ball 1-1: Ball 2-1: Ball 3-1: Swinging Strike 3-2: Base on Balls Andy Bachman to second
|
|
Batting: RHB Ernie Maldonado
|
0-0: Ball 1-0: Called Strike 1-1: Ball 2-1: Ball 3-1: Fly out, F9 (Flyball, 9, EV 75.6 MPH)
|
|
Batting: RHB Yutaka Sato
|
0-0: Called Strike 0-1: Swinging Strike 0-2: Ball 1-2: Ball 2-2: Strikes out swinging
|
| Bottom of the 6th over - 0 runs, 1 hit, 0 errors, 2 left on base; Hartford 1 - Dayton 5 |
| TOP OF THE 7TH |
|
Hartford Yard Goats batting - Pitching for Dayton Dragons : RHP Jalen Patterson
|
|
Now at 1B: Mark Williams
|
|
|
Now at 2B: Yutaka Sato
|
|
|
Now at SS: Juan Zamora
|
|
|
Now in RF: Tim Kirk
|
|
|
Batting: RHB John Corfield
|
0-0: Ball 1-0: Ball 2-0: Called Strike 2-1: Ground out 6-3 (Groundball, P, EV 88.1 MPH)
|
|
Batting: SHB Craig Ruzic
|
0-0: Ball 1-0: Foul Ball, location: 2F 1-1: Ground out 6-3 (Groundball, 6, EV 89.4 MPH)
|
|
Batting: RHB Andy Rayer
|
0-0: Ball 1-0: Ground out 6-3 (Groundball, 6, EV 81.2 MPH)
|
| Top of the 7th over - 0 runs, 0 hits, 0 errors, 0 left on base; Hartford 1 - Dayton 5 |
| BOTTOM OF THE 7TH |
|
Dayton Dragons batting - Pitching for Hartford Yard Goats : RHP Zi-cheng Zhou
|
|
Pitching: RHP Lorenzo Pacheco
|
|
|
Batting: LHB Leo Gomez
|
0-0: Called Strike 0-1: Ground out 3-1 (Groundball, 34, EV 94.4 MPH)
|
|
Batting: RHB Mark Williams
|
0-0: Ball 1-0: SOLO HOME RUN (Flyball, 78XD, EV 100.6 MPH), Distance : 398 ft
|
|
Batting: RHB Chris Zamora
|
0-0: Called Strike 0-1: Ball 1-1: Ball 2-1: Fly out, F9 (Flyball, 9LSF, EV 95.0 MPH)
|
|
Batting: RHB Juan Zamora
|
0-0: Ball 1-0: Foul Ball, location: 2F 1-1: Ball 2-1: Ground out 6-3 (Groundball, 6, EV 81.9 MPH)
|
| Bottom of the 7th over - 1 run, 1 hit, 0 errors, 0 left on base; Hartford 1 - Dayton 6 |
| TOP OF THE 8TH |
|
Hartford Yard Goats batting - Pitching for Dayton Dragons : RHP Jalen Patterson
|
|
Batting: SHB Justin Jackson
|
0-0: Called Strike 0-1: Called Strike 0-2: Strikes out swinging
|
|
Batting: RHB Manny Thompson
|
0-0: Swinging Strike 0-1: Ball 1-1: SINGLE (Groundball, 6D, EV 101.9 MPH)
|
|
Batting: RHB Ighlas Mwara
|
0-0: Ball 1-0: Ground out U3 (Groundball, 3S, EV 73.8 MPH) Manny Thompson to second
|
|
Batting: LHB Mick Tucker
|
0-0: Ball 1-0: Ball 2-0: Ball 3-0: Called Strike 3-1: Foul Ball, location: 2F 3-2: Base on Balls
|
|
Batting: SHB Clayton Saunders
|
0-0: Hit by Pitch Manny Thompson to third Mick Tucker to second
|
|
Batting: RHB Zakhar Edelman
|
0-0: Fly out, F8 (Flyball, 8LD, EV 109.4 MPH)
|
| Top of the 8th over - 0 runs, 1 hit, 0 errors, 3 left on base; Hartford 1 - Dayton 6 |
| BOTTOM OF THE 8TH |
|
Dayton Dragons batting - Pitching for Hartford Yard Goats : RHP Lorenzo Pacheco
|
|
Batting: LHB Tim Kirk
|
0-0: Called Strike 0-1: Hit by Pitch
|
|
Batting: RHB Andy Bachman
|
0-0: Called Strike 0-1: Ball 1-1: Ball 2-1: Foul Ball, location: 2F 2-2: Grounds into double play, 4-6-3 (Groundball, 34D, EV 86.9 MPH)
|
|
Batting: LHB Chris Redhead
|
0-0: Ball 1-0: Called Strike 1-1: Foul Ball, location: 2F 1-2: Ball 2-2: Ball 3-2: Foul Ball, location: 2F 3-2: Fly out, F7 (Flyball, 7LM, EV 83.1 MPH)
|
| Bottom of the 8th over - 0 runs, 0 hits, 0 errors, 0 left on base; Hartford 1 - Dayton 6 |
| TOP OF THE 9TH |
|
Hartford Yard Goats batting - Pitching for Dayton Dragons : RHP Jalen Patterson
|
|
Batting: RHB John Corfield
|
0-0: Ball 1-0: Ball 2-0: Ball 3-0: Base on Balls
|
|
Batting: SHB Craig Ruzic
|
0-0: Called Strike 0-1: Foul Ball, location: 2F 0-2: Strikes out swinging
|
|
Batting: RHB Andy Rayer
|
0-0: Foul Ball, location: 2F 0-1: Swinging Strike 0-2: Grounds into double play, 6-4-3 (Groundball, 6D, EV 98.8 MPH)
|
| Top of the 9th over - 0 runs, 0 hits, 0 errors, 0 left on base; Hartford 1 - Dayton 6 |
|